 Dungeon Crawl Stone Soup version 0.20.1-1-g8b1a95d (webtiles) character file.

2160 Plasmagod the Archer (level 9, 0/74 HPs)
             Began as a Centaur Hunter on Dec 29, 2017.
             Was a Believer of Okawaru.
             Killed from afar by a white imp (4 damage)
             ... with a puff of frost
             ... summoned by Eustachio
             ... on level 6 of the Dungeon.
             The game lasted 02:01:21 (6863 turns).

Plasmagod the Archer (Centaur Hunter)               Turns: 6863, Time: 02:01:21

Health: 0/74       AC:  7    Str: 16      XL:     9   Next: 10%
Magic:  11/11      EV:  8    Int: 14      God:    Okawaru [**....]
Gold:   176        SH:  0    Dex: 11 (12) Spells: 8/8 levels left

rFire    . . .     SeeInvis .   y - +3 long sword
rCold    . . .     Gourm    .   (no shield)
rNeg     . . .     Faith    .   p - +0 ring mail
rPois    +         Spirit   .   (no helmet)
rElec    .         Reflect  .   (no cloak)
rCorr    .         Harm     .   (no gloves)
MR       +....                  (no barding)
Stlth    ..........             (no amulet)
Regen    0.3/turn               h - ring of poison resistance
MPRegen  0.2/turn               r - ring of protection from magic

@: heavily drained, very quick
A: hooves 3, molten scales 1, clever 2, deformed body, speed 2, tough skin 3
a: Heroism, Renounce Religion


You were on level 6 of the Dungeon.
You worshipped Okawaru.
Okawaru was pleased with you.
You were not hungry.

You visited 1 branch of the dungeon, and saw 6 of its levels.

You collected 335 gold pieces.
You spent 159 gold pieces at shops.

Inventory:

Hand Weapons
 a - a +1 shortbow
 d - a +2 whip of freezing
 u - a +0 spear
 y - a +3 long sword (weapon)
 B - a +2 flail of holy wrath
Missiles
 q - an arrow (quivered)
Armour
 p - a +0 ring mail (worn)
Jewellery
 h - a ring of poison resistance (left hand)
 r - a ring of protection from magic (right hand)
Wands
 v - a wand of flame (3/48)
 A - a wand of digging (10/24)
Scrolls
 c - 2 scrolls of identify
 e - 2 scrolls of amnesia
 f - a scroll of magic mapping
 i - a scroll of enchant weapon {unknown}
 l - 2 scrolls of blinking
 m - a scroll of immolation
 o - a scroll of teleportation
 t - 4 scrolls of enchant armour
 w - a scroll of fog {unknown}
Potions
 b - a potion of flight {unknown}
 g - a potion of magic
 j - 3 potions of curing
 k - 2 potions of haste
 s - a potion of degeneration {unknown}
 z - a potion of ambrosia {unknown}
 C - a potion of mutation
Comestibles
 x - a meat ration


   Skills:
 + Level 5.3(3.6) Fighting
 + Level 1.1(0.0) Long Blades
 + Level 3.7(2.1) Polearms
 + Level 10.7(8.8) Bows
 + Level 3.3(1.8) Armour
 + Level 2.2(0.7) Dodging
 + Level 1.1(0.0) Stealth
 + Level 3.0(1.5) Evocations


You had 8 spell levels left.
You didn't know any spells.

Dungeon Overview and Level Annotations

Branches:
Dungeon (6/15)
 Temple: D:4-7

Altars:
Gozag
Makhleb
Okawaru
The Shining One

Shops:
D:4 *

Annotations:
D:6 Eustachio


Innate Abilities, Weirdness & Mutations

You have hooves in place of feet.
Armour fits poorly on your strangely shaped body.
You cover ground very quickly.
You have extremely tough skin. (AC +3)
You are partially covered in molten scales. (AC +2)
Your mind is very acute. (Int +4)


Message History

The puff of frost hits you!
* * * LOW HITPOINT WARNING * * *
You hit the white imp.
The white imp is heavily wounded.
The white imp gestures at you. The puff of frost hits you!
* * * LOW HITPOINT WARNING * * *
The white imp gestures at you. The puff of frost misses you.
A leopard gecko comes into view.
Your magical contamination has completely faded away.
You hit the leopard gecko.
The leopard gecko is severely wounded.
The leopard gecko barely misses you. x2
You slash the leopard gecko!
You kill the leopard gecko!
Okawaru accepts your kill. The white imp gestures at you.
The puff of frost hits you!
You die...

#..#.#.#.#.8.#...# ###.#.....#
#((...(([.(..#...# #...###...#
#............#...# #§#####...#
#..#.#.#.#.8.#...###5....#...#
# # #.###8#.......†####§#.####
## ###._...##.# #......#
#........##.# #.r....##
##.####.....# #..@..... #.
#@##### ##.....## #
#.#b..######r####
#5#5#[##.r..@# #b#.#b##5#####
####.#.#@##5# #....@.#5##.#
#.##...#5r..# #....#.######
####.#.#


You could see Eustachio, a white imp and a bat.

Vanquished Creatures
  Pikel (D:5)
  Grinder (D:4)
  Edmund (D:6)
  Duvessa (D:6)
  4 slaves
  A phantom (D:4)
  2 ogres
  A bullfrog (D:6)
  Dowan (D:6)
  9 wights (D:6)
  A crimson imp (D:4)
  A centaur zombie (D:5)
  4 hounds
  2 orc priests (D:5)
  2 orc wizards (D:4)
  Ijyb (D:4)
  4 worker ants
  7 adders
  2 oozes
  An adder skeleton (D:4)
  11 dart slugs
  3 worms
  4 leopard geckos
  11 orcs
  4 giant cockroaches
  3 goblins
  3 hobgoblins
  5 jackals
  2 quokkas
  3 ball pythons
  3 bats
  6 frilled lizards
  9 kobolds
  A leopard gecko skeleton (D:4)
  7 rats
122 creatures vanquished.

Notes
Turn   | Place    | Note
-------+----------+-------------------------------------------
     0 | D:1      | Plasmagod the Centaur Hunter began the quest for the Orb.
     0 | D:1      | Reached XP level 1. HP: 17/17 MP: 1/1
   481 | D:2      | Reached XP level 2. HP: 24/24 MP: 2/2
   568 | D:2      | Reached skill level 6 in Bows
   676 | D:2      | Reached XP level 3. HP: 29/30 MP: 3/3
  1158 | D:3      | Reached skill level 7 in Bows
  1158 | D:3      | Reached XP level 4. HP: 37/37 MP: 4/4
  1951 | D:4      | Found a burning altar of Makhleb.
  1968 | D:4      | Reached XP level 5. HP: 42/42 MP: 5/5
  2111 | D:4      | Reached skill level 8 in Bows
  2325 | D:4      | Reached skill level 1 in Armour
  2571 | D:4      | Reached XP level 6. HP: 51/51 MP: 6/6
  2626 | D:4      | Reached skill level 1 in Polearms
  2631 | D:4      | Noticed Grinder
  2677 | D:4      | Killed Grinder
  2677 | D:4      | Reached skill level 9 in Bows
  2677 | D:4      | Reached XP level 7. HP: 42/57 MP: 7/7
  2741 | D:4      | Found an iron altar of Okawaru.
  2834 | D:4      | Became a worshipper of Warmaster Okawaru
  2979 | D:4      | Found Tycycik's General Store.
  3032 | D:4      | Gained mutation: You are frail. (-10% HP) [potion of mutation]
  3032 | D:4      | Gained mutation: You are partially covered in large bone plates. (SH +4) [potion of mutation]
  3032 | D:4      | Gained mutation: You possess an exceptional clarity of mind. [potion of mutation]
  3032 | D:4      | Gained mutation: You are partially covered in molten scales. (AC +2) [potion of mutation]
  3113 | D:4      | Noticed Ijyb
  3117 | D:4      | Killed Ijyb
  3117 | D:4      | Reached skill level 10 in Bows
  3180 | D:5      | Entered Level 5 of the Dungeon
  3408 | D:5      | Noticed Pikel
  3752 | D:4      | Lost mutation: You are frail. (-10% HP) [potion of mutation]
  3752 | D:4      | Lost mutation: You possess an exceptional clarity of mind. [potion of mutation]
  3752 | D:4      | Lost mutation: You are partially covered in large bone plates. (SH +4) [potion of mutation]
  3752 | D:4      | Gained mutation: Your mind is acute. (Int +2) [potion of mutation]
  3752 | D:4      | Gained mutation: Your mind is very acute. (Int +4) [potion of mutation]
  4140 | D:5      | HP: 2/58 [orc priest/divine providence (15)]
  4499 | D:4      | Bought a wand of flame (27/48) for 159 gold pieces
  4638 | D:5      | Reached skill level 1 in Stealth
  4880 | D:5      | Killed Pikel
  4880 | D:5      | Reached * piety under Okawaru
  4880 | D:5      | Reached XP level 8. HP: 67/67 MP: 7/9
  5110 | D:5      | Got a bloodstained dagger
  5902 | D:6      | Reached skill level 5 in Fighting
  5903 | D:6      | Noticed Dowan
  5910 | D:6      | Killed Dowan
  5910 | D:6      | Reached ** piety under Okawaru
  5917 | D:6      | Noticed Duvessa
  5961 | D:6      | Killed Duvessa
  6330 | D:6      | Reached XP level 9. HP: 41/74 MP: 11/11
  6603 | D:6      | Got a twisted plate armour
  6618 | D:6      | Noticed Edmund
  6632 | D:6      | Killed Edmund
  6632 | D:6      | Reached skill level 1 in Long Blades
  6703 | D:6      | Found a glowing golden altar of the Shining One.
  6714 | D:6      | Found an opulent altar of Gozag.
  6727 | D:6      | Noticed Eustachio
  6853 | D:6      | HP: 2/74 [white imp/puff of frost[Eustachio] (11)]
  6863 | D:6      | Killed from afar by a white imp

Skill      XL: |  1  2  3  4  5  6  7  8  9 |
---------------+----------------------------+-----
Bows           | 6 7 8 9 10 | 10.7
Fighting       | 3 4 5 |  5.3
Armour         | 1 2 3 |  3.3
Polearms       | 1 2 3 |  3.7
Stealth        | 1 |  1.1
Dodging        | 2 |  2.2
Evocations     | 2 3 |  3.0
Long Blades    | 1 |  1.1

Action                   |  1- 3 |  4- 6 |  7- 9 || total
-------------------------+-------+-------+-------++-------
Melee: Shortbow          |     2 |       |       ||     2
       Kick              |     1 |     5 |    58 ||    64
       Spear             |       |    26 |   205 ||   231
       Long sword        |       |       |    68 ||    68
       Flail             |       |       |    38 ||    38
       Punch             |       |       |     1 ||     1
 Fire: Shortbow          |   106 |   130 |   121 ||   357
Invok: Heroism           |       |       |     6 ||     6
Evoke: Wand              |       |       |    41 ||    41
  Use: Potion            |     2 |     1 |     6 ||     9
       Scroll            |     3 |     5 |     1 ||     9
  Eat: Chunk             |       |     3 |       ||     3
       Bread ration      |       |       |     2 ||     2
       Royal jelly       |       |       |     1 ||     1
       Meat ration       |       |       |     1 ||     1
Armor: Leather armour    |     7 |     5 |       ||    12
       Ring mail         |       |     7 |   107 ||   114
Dodge: Dodged            |    19 |    17 |   120 ||   156
Block: Other             |       |       |    11 ||    11
       Rpst.: Long sword |       |       |     6 ||     6
